Map: 나이트쉐이드 - 래더

Players

Vanya

  • Race: Zerg Zerg
  • Spawn Location: 5:00

INnoVation - Winner!

  • Race: Terran Terran
  • Spawn Location: 11:00

Event: IEM Katowice 2020

VOD

https://youtu.be/CTgGP_sBSxg?t=71

Description

Time

  • Played on: Feb. 24, 2020, 9:20 a.m.
  • Length: 9:50

All games in this series

Show
View Real Time Build Order
Export as new Build Order

Vanya Zerg 

Build Orders: Hatch First, Muta Ling Bane 

Get SALT Encoding   

  12  0:01  Drone  
  13  0:13  Overlord  
  13  0:17  Drone  
  14  0:31  Drone x2  
  16  0:48  Hatchery  
  15  0:51  Drone  
  15  0:55  Drone  
  17  0:58  Drone  
  18  1:09  Extractor  
  17  1:13  Spawning Pool  
  17  1:16  Drone  
  17  1:19  Drone  
  18  1:28  Drone  
  19  1:40  Drone  
  20  1:51  Drone  
  21  2:00  Queen x2  
  21  2:01  Zergling x4  
  27  2:13  Hatchery  
  26  2:20  Overlord  
  26  2:22  Drone  
  27  2:24  Drone  
  28  2:36  Metabolic Boost  
  27  2:38  Drone  
  27  2:39  Drone  
  27  2:43  Queen  
  31  2:48  Overlord  
  31  2:50  Drone  
  32  2:53  Drone  
  32  2:55  Drone  
  32  2:58  Drone  
  35  3:09  Drone x2  
  35  3:11  Drone x2  
  39  3:16  Drone  
  39  3:17  Drone  
  41  3:21  Queen  
  41  3:25  Queen  
  45  3:27  Drone  
  45  3:33  Overlord  
  46  3:35  Zergling x4  
  46  3:39  Zergling x2  
  49  3:46  Overlord  
  49  3:55  Drone  
  50  3:56  Drone x7, Baneling Nest  
  55  4:06  Overlord  
  55  4:07  Queen  
  55  4:09  Drone  
  58  4:10  Drone x2  
  58  4:12  Overlord  
  59  4:20  Overlord  
  59  4:23  Lair  
  59  4:26  Drone x3  
  59  4:30  Extractor, Drone x3  
  59  4:31  Extractor  
  63  4:32  Drone  
  63  4:37  Zergling x8  
  68  4:41  Zergling x6  
  71  4:46  Overlord  
  71  4:47  Drone x2  
  71  4:50  Drone x2  
  75  4:54  Drone x3  
  78  5:00  Drone  
  78  5:01  Extractor x2, Drone  
  78  5:03  Drone  
  79  5:14  Extractor  
  78  5:15  Drone x3  
  78  5:20  Drone x2  
  83  5:23  Hatchery  
  83  5:24  Spire  
  83  5:25  Drone x2  
  83  5:31  Spore Crawler  
  83  5:32  Spore Crawler  
  83  5:33  Spore Crawler  
  80  5:38  Drone x2  
  80  5:40  Drone  
  80  5:41  Drone x6  
  89  5:43  Evolution Chamber  
  89  5:45  Evolution Chamber  
  89  5:48  Overlord  
  89  5:49  Zergling x2  
  90  5:50  Zergling x4  
  90  5:54  Centrifical Hooks  
  90  5:56  Overlord  
  90  6:04  Overlord  
  89  6:09  Zerg Melee Weapons Level 1  
  89  6:11  Zerg Ground Armor Level 1  
  89  6:13  Zergling x14  
  96  6:30  Baneling x9  
  96  6:31  Zergling x20  
  106  6:38  Mutalisk x3  
  111  6:48  Zergling x8  
  111  6:51  Drone  
  111  6:52  Drone x2  
  111  6:53  Zerg Flyer Weapons Level 1  
  113  6:56  Mutalisk  
  113  6:57  Mutalisk x3  
  112  7:06  Drone x5  
  117  7:13  Overlord x2  
  117  7:15  Mutalisk  
  119  7:23  Overlord  
  119  7:28  Mutalisk  
  120  7:31  Mutalisk x5, Overlord  
  120  7:36  Zergling x12  
  134  7:38  Zergling x4  
  134  7:39  Baneling x5  
  134  7:41  Baneling  
  136  7:50  Drone  
  136  7:51  Drone x6  
  143  7:58  Mutalisk x3  
  143  8:01  Overlord  
  143  8:02  Zergling x6  
  152  8:05  Hatchery  
  151  8:13  Overlord  
  151  8:17  Zergling x2  
  150  8:22  Extractor, Drone x2  
  150  8:23  Drone x3  
  150  8:24  Extractor, Drone x3  
  156  8:27  Zergling x2  
  156  8:28  Zergling x6, Hatchery  
  159  8:34  Zergling x6  
  159  8:35  Zergling x8  
  159  8:41  Zergling x10  
  162  8:45  Zergling x4  
  152  8:53  Mutalisk x5  
  161  8:57  Zergling x10  
  164  9:04  Overlord  
  164  9:05  Zergling x4  
  164  9:08  Baneling x11  
  162  9:11  Zergling x10  
  167  9:17  Overlord  
  167  9:23  Zergling x14  
  163  9:29  Zergling x12  
  162  9:32  Zergling x2  
Show
View Real Time Build Order
Export as new Build Order

INnoVation Terran - Winner!

Build Orders: Reaper Expand 

Get SALT Encoding   

  12  0:00  SCV  
  13  0:12  SCV  
  14  0:17  Supply Depot  
  14  0:24  SCV  
  15  0:38  SCV  
  15  0:41  Barracks  
  15  0:42  Refinery  
  16  0:50  SCV  
  17  1:03  SCV  
  18  1:15  SCV  
  19  1:28  Orbital Command, Reaper  
  20  1:38  Command Center  
  20  1:50  Supply Depot  
  20  1:53  SCV  
  21  1:59  Marine  
  22  2:07  SCV  
  23  2:14  Factory  
  23  2:19  SCV  
  23  2:21  Barracks Reactor  
  24  2:31  SCV  
  25  2:40  Command Center  
  25  2:43  SCV  
  26  2:51  Orbital Command  
  26  2:55  SCV  
  27  2:59  Starport  
  27  3:03  Refinery  
  27  3:08  Hellion  
  27  3:10  SCV  
  30  3:15  Hellion  
  32  3:20  SCV  
  32  3:22  SCV  
  32  3:23  Barracks Tech Lab  
  34  3:31  Hellion  
  36  3:34  SCV  
  36  3:35  SCV  
  36  3:37  Viking  
  36  3:40  Hellion  
  42  3:42  Marine  
  43  3:49  SCV x2  
  43  3:51  Stimpack  
  43  3:55  Orbital Command  
  45  4:01  SCV x2  
  47  4:10  Starport Reactor  
  47  4:12  Marine  
  47  4:13  SCV x2  
  50  4:17  Factory Tech Lab  
  50  4:18  Barracks  
  50  4:23  SCV  
  51  4:25  SCV x2  
  51  4:26  Barracks  
  51  4:29  Marine, Supply Depot  
  54  4:35  Siege Tank  
  54  4:36  SCV  
  54  4:37  SCV x2  
  60  4:45  Supply Depot  
  60  4:47  Engineering Bay  
  60  4:49  Engineering Bay  
  60  4:50  SCV  
  60  4:51  SCV x2  
  63  4:56  Marine, Refinery x2  
  63  4:57  Starport Reactor  
  64  5:04  SCV x2  
  66  5:07  Marine  
  66  5:08  Marine  
  68  5:15  Terran Infantry Weapons Level 1, Terran Infantry Armor Level 1  
  68  5:16  SCV x2  
  68  5:17  Orbital Command  
  68  5:19  Supply Depot  
  70  5:22  Supply Depot  
  70  5:25  Marine  
  70  5:26  Marine x2  
  71  5:28  SCV x2  
  71  5:30  Marine x2  
  71  5:31  Combat Shield  
  75  5:38  Barracks  
  75  5:40  Barracks  
  75  5:41  SCV x2  
  75  5:42  SCV  
  78  5:43  Marine x2  
  78  5:44  Marine  
  78  5:46  Medivac  
  78  5:48  Marine x2, Medivac  
  87  5:51  Supply Depot  
  87  5:55  Supply Depot  
  87  5:57  SCV x3  
  87  6:00  Siege Tank  
  93  6:06  Supply Depot  
  93  6:08  Supply Depot  
  93  6:11  Armory  
  93  6:13  SCV x3  
  93  6:16  Marine x4  
  93  6:17  Marine  
  99  6:25  SCV x3  
  102  6:27  Barracks Reactor x2  
  102  6:32  Siege Tank  
  105  6:34  Marine x5  
  105  6:37  SCV  
  111  6:45  Barracks  
  111  6:46  Medivac x2, Barracks  
  113  6:47  Barracks  
  113  6:49  Refinery  
  109  7:01  Marine  
  109  7:03  Marine x3  
  109  7:05  Marine x5  
  109  7:07  Supply Depot x2  
  118  7:12  Terran Infantry Weapons Level 2  
  118  7:17  Terran Infantry Armor Level 2  
  118  7:19  Marine  
  118  7:21  Marine x3, Supply Depot  
  118  7:22  Supply Depot  
  122  7:23  Marine x3  
  122  7:25  Marine, Missile Turret  
  120  7:30  SCV x3  
  120  7:33  Medivac x2  
  126  7:38  Missile Turret  
  126  7:39  Marine  
  126  7:40  Barracks Reactor x2  
  124  7:44  Barracks Reactor  
  124  7:45  SCV x2  
  124  7:46  SCV, Marine  
  124  7:47  Marine x4  
  132  7:52  Siege Tank  
  132  7:54  Missile Turret  
  132  7:56  Supply Depot  
  135  8:02  Marine  
  135  8:03  Marine x3  
  135  8:04  Marine x5  
  144  8:07  Medivac x2  
  148  8:21  Marine  
  148  8:22  Marine x11  
  148  8:24  Supply Depot  
  148  8:25  Supply Depot  
  160  8:35  Marine  
  160  8:36  Marine x2  
  160  8:37  Medivac  
  160  8:39  Marine x2  
  160  8:40  Marine  
  160  8:41  Medivac  
  160  8:47  Siege Tank  
  160  8:48  Marine x9  
  145  8:53  Marine  
  145  8:54  Marine x2  
  156  8:57  Marine x2  
  156  8:58  Marine  
  159  9:06  Marine x5  
  159  9:07  Marine x4, Medivac  
  170  9:10  Medivac  
  170  9:11  Marine  
  170  9:12  Marine x2  
  174  9:24  Marine  
  174  9:25  Marine x6  
  174  9:29  Marine  

Tags
 
Add a new tag
Caveats
  • Supply blocks, unpowered buildings, or Contaminate may cause inaccurate times.
  • Supply counts are checked every 10 seconds.